 Dungeon Crawl Stone Soup version 0.24-a0-123-ga2403f3 (webtiles) character file.

Game seed: 0

7144 Gunnerkreig the Arsonist (level 10, -21/85 HPs)
             Began as a Grey Draconian Wizard on Feb 15, 2019.
             Was a Priest of Vehumet.
             Engulfed by a cloud of flame (22 damage)
             ... on level 9 of the Dungeon on Feb 22, 2019.
             The game lasted 02:23:37 (8706 turns).

Gunnerkreig the Arsonist (Grey Draconian Wizard)    Turns: 8706, Time: 02:23:39

Health: -21/85     AC: 18    Str: 10    XL:     10   Next: 85%
Magic:  8/23       EV: 13    Int: 24    God:    Vehumet [***...]
Gold:   454        SH:  0    Dex:  8    Spells: 7/27 levels left

rFire    . . .     SeeInvis .   j - +1 short sword (venom)
rCold    . . .     Gourm    .   (no shield)
rNeg     . . .     Faith    .   (armour unavailable)
rPois    +         Spirit   .   F - +1 hat
rElec    .         Reflect  .   M - +0 cloak
rCorr    .         Harm     .   G - +0 pair of gloves
MR       +....                  (no boots)
Stlth    ++........             (no amulet)
HPRegen  0.24/turn              z - +3 ring of intelligence
MPRegen  0.18/turn              r - +3 ring of protection

@: no status effects
A: walk through water, unfitting armour, clumsy 1, magic resistance 1, poison
resistance, robust 1, unbreathing, cold-blooded, AC +12
a: Renounce Religion


You were on level 9 of the Dungeon.
You worshipped Vehumet.
Vehumet was most pleased with you.
You were not hungry.

You visited 2 branches of the dungeon, and saw 10 of its levels.
You also visited: Sewer.

You collected 454 gold pieces.

Inventory:

Hand Weapons
 d - a +0 whip of electrocution
 j - a +1 short sword of venom (weapon)
 n - a +0 hunting sling of velocity
 y - the +1 dagger of Disarray {pierce, rPois rF- Dex+7}
   (You found it on level 5 of the Dungeon)

   It inflicts extra damage upon your enemies.
   It affects your dexterity (+7).
   It makes you vulnerable to fire.
   It protects you from poison.
 N - a +3 great sword
Missiles
 b - 282 stones (quivered)
Armour
 a - a +1 hat
 e - a scarf of spirit shield
 F - a +1 hat (worn)
 G - a +0 pair of gloves (worn)
 M - a +0 cloak (worn)
Jewellery
 h - an uncursed ring of protection from fire
 r - a +3 ring of protection (right hand)
 x - a +3 ring of dexterity
 z - a +3 ring of intelligence (left hand)
Wands
 l - a wand of flame (6)
 s - a wand of iceblast (11)
 w - a wand of polymorph (21)
Scrolls
 f - 3 scrolls of teleportation
 k - 6 scrolls of fog
 o - a scroll of identify
 p - a scroll of vulnerability {unknown}
 u - a scroll of magic mapping
 B - 4 scrolls of amnesia
 C - 2 scrolls of enchant armour
 D - a scroll of noise {unknown}
 P - a scroll of enchant weapon {unknown}
Potions
 g - 2 potions of berserk rage
 i - 2 potions of curing
 m - a potion of brilliance
 q - a potion of agility
 A - a potion of invisibility {unknown}
 E - a potion of cancellation
 H - a potion of might
 I - a potion of heal wounds {unknown}
 J - a potion of haste {unknown}
 K - a potion of degeneration {unknown}
 L - 4 potions of lignification
Comestibles
 c - 13 rations


   Skills:
 - Level 4.0 Fighting
 + Level 4.6 Dodging
 - Level 1.7 Stealth
 - Level 9.0 Spellcasting
 + Level 7.7 Conjurations
   Level 1.0 Summonings
 - Level 1.0 Translocations
 * Level 10.0 Fire Magic


You had 7 spell levels left.
You knew the following spells:

 Your Spells              Type           Power        Failure   Level  Hunger
a - Magic Dart            Conj           ####         1%          1    None
b - Blink                 Tloc           N/A          6%          2    None
c - Sticky Flame          Conj/Fire      ######..     1%          4    ##.....
d - Conjure Flame         Conj/Fire      ######..     1%          3    None
e - Mephitic Cloud        Conj/Pois/Air  ###.....     1%          3    None
f - Fireball              Conj/Fire      ######....   1%          5    ####...
g - Throw Flame           Conj/Fire      ######       1%          2    None

Your spell library contained the following spells:

 Spells                   Type           Power        Failure   Level  Hunger
 Throw Frost              Conj/Ice       ####..       1%          2    None
 Flame Tongue             Conj/Fire      #####        1%          1    None
 Inner Flame              Hex/Fire       ####....     1%          3    None
 Call Imp                 Summ           ###.....     6%          2    None
 Poisonous Vapours        Pois/Air       ##....       9%          2    None
 Slow                     Hex            ##......     9%          2    None
 Freezing Cloud           Conj/Ice/Air   ###.......   58%         6    ######.
 Ring of Flames           Chrm/Fire      ####......   99%         7    #######


Dungeon Overview and Level Annotations

Branches:
Dungeon (9/15)             Temple (1/1) D:5
   Lair: D:8-11         Orc: D:9-12

Altars:
Ashenzari
Cheibriados
Dithmenos
Elyvilon
Fedhas
Gozag
Hepliaklqana
Kikubaaqudgha
Makhleb
Nemelex Xobeh
Okawaru
Qazlal
Ru
Sif Muna
Trog
Uskayaw
Vehumet
Wu Jian
Xom
Yredelemnul
Zin
The Shining One

Shops:
D:4 %


Innate Abilities, Weirdness & Mutations

You can walk through water.
Your dull iron-grey scales are very hard. (AC +12)
You cannot fit into any form of body armour.
You can survive without breathing.
You are cold-blooded and may be slowed by cold attacks.
You are clumsy. (Dex -2)
You are resistant to hostile enchantments. (MR+)
Your system is resistant to poisons. (rPois)
You are robust. (+10% HP)


Message History

The fire crab breathes flames at you.
The blast of flame engulfs you but does no damage.
The hornet buzzes angrily.
You hit the fire crab but do no damage.
The fire crab looks as sick as possible!
The fire crab is almost dead.
You are engulfed in blazing flames.
* * * LOW HITPOINT WARNING * * *
The fire crab bites you but does no damage.
The fire crab closely misses you.
Aiming: Iceblast
Press: ? - help, Shift-Dir - straight line, p - fire crab The mass of ice explodes!
The iceblast engulfs the hornet!
The hornet is heavily wounded.
The iceblast engulfs the fire crab!
You kill the fire crab!
Vehumet accepts your kill.
Your Fire Magic skill increases to level 10!
You are engulfed in blazing flames.
You die...

######### #...#...# #...'...#
#...#...# ### # #..##y..# ##.. .
#t. #..#########..# . #.###).#
#........###. #### .##.#@.#
#........#... ###..# .##..'.##
#...[......## ....## ###...#.#
#.........##
#############'#######.........##
###.........###.............##
###.'.......###...####...####..#
#...#....####.######....## ##..
#.########.....##.....### ###
#..##................## ##


You could see a hornet.

Vanquished Creatures
  Harold (D:8)
  A fire crab (shapeshifter) (D:9)
  Pikel (D:6)
  Maurice (D:8)
  A kobold demonologist (D:9)
  A queen bee (D:9)
  Prince Ribbit (D:9)
  3 hippogriffs
  A hornet (D:9)
  Edmund (D:4)
  A naga (D:6)
  A black bear (D:8)
  2 ice beasts
  A sky beast (D:8)
  An ogre (D:7)
  3 phantoms
  5 centaurs
  5 big kobolds
  2 bullfrogs
  A water moccasin skeleton (D:7)
  14 killer bees (D:9)
  3 wights (D:8)
  3 howler monkeys
  5 crimson imps
  A bullfrog zombie (D:8)
  A centaur zombie (D:6)
  2 jellies
  8 hounds
  An orc priest (D:9)
  Ijyb (D:3)
  A centaur skeleton (D:5)
  3 iguanas
  5 worker ants
  A hound zombie (D:7)
  A hound skeleton (D:5)
  15 adders
  2 shadow imps
  4 oozes
  An adder zombie (D:6)
  2 adder skeletons (D:7)
  7 worms
  2 dart slugs
  3 leopard geckos
  6 orcs
  6 giant cockroaches
  12 goblins
  9 hobgoblins
  6 jackals
  2 quokkas
  6 ball pythons
  8 bats
  13 frilled lizards
  A jackal skeleton (D:7)
  23 kobolds
  A quokka skeleton (D:7)
  A quokka zombie (D:8)
  11 rats
225 creatures vanquished.

Vanquished Creatures (others)
  A slave (D:6)
  An adder (D:6)
2 creatures vanquished.

Grand Total: 227 creatures vanquished

Notes
Turn   | Place    | Note
-------+----------+-------------------------------------------
     0 | D:1      | Gunnerkreig the Draconian Wizard began the quest for the
                  | Orb.
     0 | D:1      | Reached XP level 1. HP: 14/14 MP: 4/4
   214 | D:1      | Reached XP level 2. HP: 20/20 MP: 1/6
   428 | D:1      | Reached skill level 1 in Fighting
   574 | D:1      | Reached XP level 3. HP: 28/28 MP: 0/7
   832 | D:2      | Found a faded altar of an unknown god.
  1284 | D:2      | Reached XP level 4. HP: 35/35 MP: 4/9
  1965 | D:3      | Reached XP level 5. HP: 18/40 MP: 0/11
  2034 | D:3      | Noticed Ijyb
  2086 | D:3      | Killed Ijyb
  2218 | D:3      | Learned a level 2 spell: Blink
  2221 | D:3      | Learned a level 2 spell: Call Imp
  2225 | D:3      | Learned a level 3 spell: Conjure Flame
  2229 | D:3      | Learned a level 3 spell: Mephitic Cloud
  2301 | D:4      | Noticed a phantom
  2329 | D:3      | Killed a phantom
  2329 | D:3      | Reached skill level 5 in Spellcasting
  2329 | D:3      | Reached skill level 1 in Fire Magic
  2329 | D:3      | Reached XP level 6. HP: 42/47 MP: 6/13
  2389 | D:4      | Reached skill level 2 in Fire Magic
  2885 | D:4      | Your scales start taking on a dull iron-grey colour.
  2885 | D:4      | Reached XP level 7. HP: 48/52 MP: 7/15
  2885 | D:4      | Gained mutation: You can survive without breathing. [Grey
                  | Draconian growth]
  3036 | D:4      | Noticed Edmund
  3069 | D:4      | Killed Edmund
  3069 | D:4      | Reached skill level 3 in Fire Magic
  3070 | D:4      | Upgraded the game from 0.24-a0-114-g5d539f0 to
                  | 0.24-a0-115-gd155597
  3074 | D:4      | Found Obood's Food Emporium.
  3261 | D:5      | Entered Level 5 of the Dungeon
  3366 | D:5      | Found a staircase to the Ecumenical Temple.
  3375 | D:5      | Got a steaming dagger
  3376 | D:5      | Identified the cursed +1 dagger of Disarray {pierce, rPois
                  | rF- Dex+7} (You found it on level 5 of the Dungeon)
  3386 | Temple   | Entered the Ecumenical Temple
  3613 | Temple   | Upgraded the game from 0.24-a0-115-gd155597 to
                  | 0.24-a0-120-g429d40e
  3618 | Temple   | Became a worshipper of Vehumet
  3880 | D:5      | Reached skill level 4 in Fire Magic
  4107 | D:6      | Noticed Pikel
  4378 | D:6      | Reached XP level 8. HP: 58/61 MP: 13/17
  4407 | D:6      | Killed Pikel
  4407 | D:6      | Reached skill level 5 in Conjurations
  4407 | D:6      | Reached skill level 5 in Fire Magic
  4491 | D:6      | Found a glowing drain.
  4705 | Sewer    | Entered a sewer
  4914 | Sewer    | Reached * piety under Vehumet
  4914 | Sewer    | Offered knowledge of Freeze by Vehumet.
  5068 | Sewer    | Reached skill level 6 in Fire Magic
  5421 | D:7      | Reached XP level 9. HP: 46/67 MP: 16/20
  5593 | D:7      | Found a sparkling altar of Nemelex Xobeh.
  5902 | D:7      | You fall through a shaft for 2 floors!
  5910 | D:9      | Noticed Prince Ribbit
  5927 | D:9      | Killed Prince Ribbit
  5927 | D:9      | Reached skill level 7 in Fire Magic
  6123 | D:8      | Noticed Maurice
  6197 | D:8      | Killed Maurice
  6244 | D:8      | Upgraded the game from 0.24-a0-120-g429d40e to
                  | 0.24-a0-123-ga2403f3
  6261 | D:8      | Reached ** piety under Vehumet
  6414 | D:8      | Offered knowledge of Searing Ray by Vehumet.
  6426 | D:8      | Learned a level 4 spell: Sticky Flame
  6432 | D:8      | Learned a level 5 spell: Fireball
  6509 | D:8      | Reached skill level 8 in Fire Magic
  6833 | D:8      | Noticed Harold
  7009 | D:7      | Learned a level 2 spell: Throw Flame
  7031 | D:7      | Reached XP level 10. HP: 70/77 MP: 10/22
  7734 | D:8      | Killed Harold
  8046 | D:9      | Gained mutation: You are clumsy. (Dex -2) [potion of
                  | mutation]
  8046 | D:9      | Gained mutation: Your mind is acute. (Int +2) [potion of
                  | mutation]
  8046 | D:9      | Gained mutation: You are robust. (+10% HP) [potion of
                  | mutation]
  8046 | D:9      | Gained mutation: You are resistant to hostile enchantments.
                  | (MR+) [potion of mutation]
  8047 | D:9      | Lost mutation: Your mind is acute. (Int +2) [potion of
                  | mutation]
  8047 | D:9      | Lost mutation: You are resistant to hostile enchantments.
                  | (MR+) [potion of mutation]
  8047 | D:9      | Gained mutation: You are resistant to hostile enchantments.
                  | (MR+) [potion of mutation]
  8047 | D:9      | Gained mutation: Your system is resistant to poisons.
                  | (rPois) [potion of mutation]
  8195 | D:9      | Reached skill level 9 in Fire Magic
  8223 | D:9      | Offered knowledge of Throw Frost by Vehumet.
  8690 | D:9      | Noticed a fire crab
  8696 | D:9      | Reached *** piety under Vehumet
  8705 | D:9      | HP: 1/85 [fire crab (shapeshifter)] (7)]
  8706 | D:9      | Killed a fire crab
  8706 | D:9      | Reached skill level 10 in Fire Magic
  8706 | D:9      | Engulfed by a cloud of flame

Levels and vault maps discovered:
D:1:      dpeg_arrival_rooms_a, layout_basic
D:2:      layout_loops_ring, chequers_ecumenical_altar_island, first_ration
D:3:      kennysheep_goblin_castle, layout_rooms, kennysheep_small_spiral
D:4:      layout_cave_pools, serial_shops, nicolae_shop_trees,
          serial_column_ruins, column_ruins_hut, column_ruins_hut,
          column_ruins_grid_1, column_ruins_grid_4, column_ruins_grid_1,
          column_ruins_corridor_straight, uniq_edmund
D:5:      layout_cave_pools, minmay_temple_entry_overgrown, serial_park,
          serial_park_gazebo [serial_park_minivault_5x5_2], serial_park_square1
          [serial_park_minivault_5x5_6], serial_park_tiny_2
D:6:      layout_rooms, portal_sewer_entry_d, uniq_pikel
D:7:      layout_layer_cave, nemelex_xobeh_ov_fountains_minmay
D:8:      layout_basic, minmay_misc_feat_iff, uniq_harold, uniq_maurice
D:9:      minmay_sliced_demisemicircle, layout_rooms, david_nohive_1,
          minmay_misc_feat_ornament, uniq_prince_ribbit1
Temple:   minmay_crystal_snake_temple
Sewer:    sewer_co_tree

Skill      XL: |  1  2  3  4  5  6  7  8  9 10 |
---------------+-------------------------------+-----
Dodging        | 2 4 |  4.6
Fighting       | 1 2 3 4 |  4.0
Conjurations   | 2 3 4 5 6 7 |  7.7
Spellcasting   | 4 5 6 7 8 9 |  9.0
Fire Magic     | 1 2 4 6 8 10 | 10.0
Stealth        | |  1.7
Summonings     | |  1.0
Translocations | |  1.0

Action                   |  1- 3 |  4- 6 |  7- 9 | 10-12 || total
-------------------------+-------+-------+-------+-------++-------
Melee: Unarmed           |    97 |       |       |       ||    97
       Tailslap          |     8 |    16 |    31 |     1 ||    56
       Hand axe          |     1 |    32 |       |       ||    33
       Dagger            |       |    46 |   206 |    32 ||   284
       Short sword       |       |    78 |    22 |     5 ||   105
 Fire: Hunting sling     |       |       |     1 |    24 ||    25
 Cast: Magic Dart        |    74 |   118 |   324 |    24 ||   540
       Conjure Flame     |       |     2 |     9 |     8 ||    19
       Blink             |       |     1 |       |       ||     1
       Call Imp          |       |       |     2 |       ||     2
       Throw Flame       |       |       |     6 |    57 ||    63
       Fireball          |       |       |     3 |     4 ||     7
       Sticky Flame      |       |       |     2 |     6 ||     8
       Mephitic Cloud    |       |       |       |     1 ||     1
Evoke: Wand              |       |     1 |     5 |     5 ||    11
  Use: Potion            |     3 |     4 |     4 |     4 ||    15
       Scroll            |     1 |     8 |    10 |     3 ||    22
 Stab: Sleeping          |       |       |     1 |       ||     1
  Eat: Ration            |     1 |     1 |     4 |     2 ||     8
       Chunk             |       |       |     1 |       ||     1
Armor: Skin              |    33 |    48 |    90 |    22 ||   193
Dodge: Dodged            |    73 |   108 |   148 |    74 ||   403

Table legend:
 A = Non-vault XP
 B = Vault XP
 C = Vault XP percentage of total XP
 D = Non-vault monster count
 E = Vault monster count
 F = Vault count percentage of total count
                 A         B        C        D         E       F
            +---------+---------+-------+---------+---------+-------
      Total |    4266 |    5941 |  58.2 |     159 |      65 |  29.0
            +---------+---------+-------+---------+---------+-------
        D:1 |      47 |       0 |   0.0 |      29 |       0 |   0.0
        D:2 |      55 |       0 |   0.0 |      18 |       0 |   0.0
        D:3 |     196 |     101 |  34.0 |      24 |      12 |  33.3
        D:4 |     366 |     166 |  31.2 |      11 |       1 |   8.3
        D:5 |     416 |       0 |   0.0 |      11 |       0 |   0.0
        D:6 |     231 |     641 |  73.5 |       7 |       1 |  12.5
        D:7 |     985 |       0 |   0.0 |      27 |       0 |   0.0
        D:8 |    1750 |    1441 |  45.2 |      24 |       2 |   7.7
        D:9 |     220 |    3167 |  93.5 |       8 |      21 |  72.4
      Sewer |       0 |     425 | 100.0 |       0 |      28 | 100.0
            +---------+---------+-------+---------+---------+-------
